 Dungeon Crawl Stone Soup version 0.26-a0-672-g1df16c3386 (webtiles) character file.

Game seed: 16080703971080325132

4662 ringo67 the Spear-Bearer (level 10, -4/80 HPs)
             Began as a Merfolk Gladiator on Oct 19, 2020.
             Was a Believer of Ashenzari.
             Killed from afar by a rime drake (shapeshifter) (24 damage)
             ... with a flash freeze
             ... on level 9 of the Dungeon.
             The game lasted 00:20:51 (10175 turns).

ringo67 the Spear-Bearer (Merfolk Gladiator)       Turns: 10175, Time: 00:20:52

Health: -4/80      AC: 15    Str: 18    XL:     10   Next: 43%
Magic:  10/10      EV: 31    Int:  8    God:    Ashenzari [**....]
Gold:   392        SH:  0    Dex: 15    Spells: 9/9 levels left

rFire    . . .     SeeInvis .   a - +0 trident
rCold    x . .     Faith    .   (no shield)
rNeg     . . .     Spirit   .   j - +3 scale mail "Ajetec" {Rampage rF- MR+ Slay+2} (curse)
rPois    +         Reflect  .   c - +0 helmet (curse)
rElec    .         Harm     .   m - +0 cloak
rCorr    .         Rampage  +   (no gloves)
MR       +....                  l - +1 pair of boots (curse)
Stlth    ..........             J - amulet of the acrobat
HPRegen  0.23/turn              A - ring of fire
MPRegen  0.12/turn              F - ring of poison resistance

@: acrobat
A: change form in water, swift swim, stealthy swim
a: Curse Item, Scrying, Renounce Religion


You were on level 9 of the Dungeon.
You worshipped Ashenzari.
Ashenzari was pleased with you.
You visited 2 branches of the dungeon, and saw 10 of its levels.

You collected 392 gold pieces.

Inventory:

Hand Weapons
 a - a +0 trident (weapon)
Missiles
 d - 3 throwing nets
 f - 16 poisoned darts (quivered)
 G - 4 boomerangs
Armour
 b - a +0 leather armour
 c - a cursed +0 helmet (worn)
 j - the cursed +3 scale mail "Ajetec" (worn) {Rampage rF- MR+ Slay+2}
   (You found it on level 4 of the Dungeon)

   It affects your accuracy and damage with ranged weapons and melee attacks
   (+2).
   It makes you vulnerable to fire.
   It affects your resistance to hostile enchantments.
   It bestows one free step when moving towards enemies.
   It has a curse placed upon it.
 l - a cursed +1 pair of boots (worn)
 m - a +0 cloak (worn)
 r - a +0 ring mail
Jewellery
 A - a ring of fire (left hand)
 F - a ring of poison resistance (right hand)
 J - an amulet of the acrobat (around neck)
Wands
 y - a wand of acid (3)
 z - a wand of iceblast (21)
 D - a wand of digging (6)
 L - a wand of random effects (11)
Scrolls
 h - 3 scrolls of identify
 i - 2 scrolls of fog
 p - 4 scrolls of enchant weapon
 t - 2 scrolls of enchant armour
 v - a scroll of amnesia {unknown}
 w - 4 scrolls of teleportation
 x - a scroll of magic mapping {unknown}
 B - a scroll of fear
 C - a scroll of blinking
 H - a scroll of noise {unknown}
 K - a scroll of remove curse
Potions
 g - a potion of stabbing
 k - a potion of brilliance
 n - 2 potions of lignification
 o - a potion of might
 q - a potion of mutation {unknown}
 s - a potion of flight {unknown}
 u - 2 potions of curing
 E - a potion of resistance {unknown}
 I - a potion of haste {unknown}


   Skills:
 + Level 7.6 Fighting
 * Level 13.6 Polearms
 - Level 2.0 Throwing
 + Level 4.9(6.3) Armour
 + Level 9.6(11.0) Dodging


You had 9 spell levels left.
You didn't know any spells.
Your spell library contained the following spells:

 Spells                   Type           Power        Failure   Level
 Foxfire                  Conj/Fire      #...         77%         1
 Sting                    Tmut/Pois      #...         77%         1
 Summon Small Mammal      Summ           #...         77%         1
 Call Imp                 Summ           #.......     88%         2
 Poisonous Vapours        Pois/Air       #.....       88%         2
 Call Canine Familiar     Summ           #.......     98%         3
 Conjure Flame            Conj/Fire      #.......     98%         3
 Ignite Poison            Fire/Tmut/Pois #.......     98%         3
 Inner Flame              Hex/Fire       #.......     98%         3
 Mephitic Cloud           Conj/Pois/Air  #.......     98%         3
 Summon Guardian Golem    Hex/Summ       #.......     98%         3
 Olgreb's Toxic Radiance  Pois           #.......     100%        4
 Sticky Flame             Conj/Fire      #.......     100%        4
 Summon Ice Beast         Ice/Summ       #.......     100%        4
 Summon Lightning Spire   Summ/Air       #.......     100%        4
 Fireball                 Conj/Fire      #.........   100%        5


Dungeon Overview and Level Annotations

Branches:
Dungeon (9/15)             Temple (1/1) D:4
   Lair: D:8-11         Orc: D:9-12

Altars:
Ashenzari
Cheibriados
Dithmenos
Elyvilon
Fedhas
Gozag
Hepliaklqana
Kikubaaqudgha
Makhleb
Nemelex Xobeh
Okawaru
Qazlal
Ru
Sif Muna
Trog
Uskayaw
Vehumet
Wu Jian
Xom
Yredelemnul
Zin
The Shining One


Message History

The ogre looks more healthy.
You puncture the worker ant!
You kill the worker ant!
The ogre hits you with a +0 giant club.
* * * LOW HITPOINT WARNING * * *
You hit the ogre.
The ogre is moderately wounded.
You puncture the ogre!
The ogre is heavily wounded.
The ogre misses you.
You hit the ogre.
The ogre is severely wounded.
You puncture the ogre!
You kill the ogre!
A rime drake comes into view.
There is an open door here.
You see here a +0 giant club.
The rime drake breathes ice at you. The flash freeze hits you!!
You feel a painful chill!
You die...

* ##########. * * #.......... * *
#.......... ** ## ## #..........
+.#. #.......... * ####+####.†##
#.......... ... #.......#...#
#.......... ....**#.⌠...⌠.##)####
#.......[..
?....##..⌠....##@888###..........
(§...Q'...⌠...#8.)..'(#..........
$....##D...⌠..##.888#.....^......


QZ. #.⌠...⌠.##(######.......... . , * #....{..#...# ######..... ,,**
####'####k)## #..... * #.D).'.#.# #..... ##...##### #..... ##### #..... You
could see a rime drake (catching breath).

Vanquished Creatures
  A tengu conjurer (D:9)
  6 yaks (D:9)
  A steam dragon (D:9)
  A sky beast (D:5)
  An orc warrior (D:8)
  An ice beast (D:8)
  3 necrophages
  2 black bears (D:9)
  5 centaurs
  6 ogres
  A big kobold (D:8)
  A bullfrog (D:7)
  A wyvern zombie (D:6)
  A water moccasin zombie (D:7)
  A water moccasin skeleton (D:7)
  2 scorpions
  2 wights (D:7)
  An electric eel (D:7)
  2 howler monkeys
  2 bullfrog zombies (D:5)
  A quasit (D:6)
  A centaur zombie (D:7)
  2 jellies (D:7)
  A bullfrog skeleton (D:9)
  A gnoll shaman (D:6)
  3 orc priests
  5 hounds
  9 orc wizards
  A centaur skeleton (D:5)
  2 iguanas (D:9)
  4 worker ants
  A howler monkey zombie (D:5)
  5 gnolls (D:6)
  9 adders
  3 shadow imps
  4 white imps
  3 ufetubi
  2 adder zombies (D:6)
  A worm (D:5)
  5 leopard geckos
  26 orcs
  9 giant cockroaches
  6 hobgoblins
  9 jackals
  10 kobolds
  3 quokkas
  A ball python (D:3)
  13 bats
  9 frilled lizards
  3 goblins
  A quokka skeleton (D:8)
  4 rats
198 creatures vanquished.

Vanquished Creatures (others)
  An orc wizard (D:3)
  A withered plant (D:7)
2 creatures vanquished.

Grand Total: 200 creatures vanquished

Notes
Turn   | Place    | Note
-------+----------+-------------------------------------------
     0 | D:1      | ringo67 the Merfolk Gladiator began the quest for the Orb.
     0 | D:1      | Reached XP level 1. HP: 16/16 MP: 1/1
   302 | D:1      | Reached XP level 2. HP: 21/23 MP: 2/2
   761 | D:2      | Reached skill level 5 in Polearms
   761 | D:2      | Reached XP level 3. HP: 20/28 MP: 3/3
  1511 | D:2      | Found an ornate altar of the Wu Jian Council.
  1718 | D:2      | Reached XP level 4. HP: 34/34 MP: 4/4
  1741 | D:2      | Found a stormy altar of Qazlal.
  2030 | D:3      | Reached skill level 1 in Armour
  2033 | D:3      | Reached skill level 6 in Polearms
  2033 | D:3      | Reached XP level 5. HP: 21/41 MP: 5/5
  2070 | D:3      | Reached skill level 5 in Dodging
  2935 | D:3      | Reached XP level 6. HP: 47/47 MP: 6/6
  2939 | D:3      | Reached skill level 7 in Polearms
  3012 | D:3      | Found a shadowy altar of Dithmenos.
  3179 | D:3      | Found a sacrificial altar of Ru.
  3490 | D:4      | Found a staircase to the Ecumenical Temple.
  3512 | Temple   | Entered the Ecumenical Temple
  3739 | Temple   | Became a worshipper of Ashenzari the Shackled
  3780 | D:4      | Got the uncursed scale mail "Ajetec" {Rampage rF- MR+
                  | Slay+2}
  3791 | D:4      | Identified the +3 scale mail "Ajetec" {Rampage rF- MR+
                  | Slay+2} (You found it on level 4 of the Dungeon)
  3826 | D:4      | Found a burning altar of Makhleb.
  4240 | D:4      | Found a sparkling altar of Nemelex Xobeh.
  4379 | D:5      | Entered Level 5 of the Dungeon
  4571 | D:5      | Reached XP level 7. HP: 54/54 MP: 7/7
  4597 | D:5      | Reached skill level 8 in Polearms
  5000 | D:5      | Reached * piety under Ashenzari
  5018 | D:5      | Reached skill level 9 in Polearms
  5157 | D:5      | Reached XP level 8. HP: 61/61 MP: 8/8
  5266 | D:5      | Found a shimmering blue altar of Sif Muna.
  5665 | D:6      | Reached skill level 5 in Fighting
  6303 | D:6      | Reached skill level 10 in Polearms
  6785 | D:7      | Reached XP level 9. HP: 57/66 MP: 9/9
  6855 | D:7      | Reached skill level 11 in Polearms
  7697 | D:7      | Reached ** piety under Ashenzari
  7779 | D:7      | Found a glowing silver altar of Zin.
  8509 | D:8      | Found an ancient bone altar of Kikubaaqudgha.
  8523 | D:8      | Reached skill level 12 in Polearms
  9086 | D:8      | Found a snail-covered altar of Cheibriados.
  9313 | D:9      | Reached XP level 10. HP: 64/76 MP: 10/10
  9337 | D:9      | Reached skill level 13 in Polearms
  9891 | D:9      | Found a bloodstained altar of Trog.
 10175 | D:9      | Killed from afar by a rime drake (shapeshifter)

Illustrated notes

Levels and vault maps discovered:
D:1:      roderic_crossed_star, layout_basic, chequers_decorated_corner
D:2:      layout_loops_cross, nicolae_overflow_crystal_walls,
          nicolae_qazlal_general_emergency
D:3:      layout_loops_ring, nicolae_ru_sacrificial_ziggurat, hex_medium,
          nicolae_dithmenos_shadow_blocks
D:4:      layout_loops_ring, makhleb_heckhound_becter,
          minmay_temple_entry_drinking_statues, nemelex_lonely_heart_becter
D:5:      layout_cave_pools, tgw_sif, kennysheep_generic_room_11
D:6:      layout_gridville
D:7:      layout_loops_ring, zin_scriptorium, serial_undead, serial_undead_a,
          serial_undead_f, serial_undead_c, serial_undead_f,
          minmay_misc_feat_iff, kennysheep_small_circle
D:8:      layout_basic, lemuel_coloured_pillars_altar, basic_altar
D:9:      minmay_chambers_of_sevens, layout_basic, bloody_trog,
          kennysheep_island_fort
Temple:   eino_narrow_crystal_temple

Skill      XL: |  1  2  3  4  5  6  7  8  9 10 |
---------------+-------------------------------+-----
Polearms       | 5 6 7 9 10 12 13 | 13.6
Fighting       | 3 4 5 7 |  7.6
Armour         | 1 2 3 4 |  4.9
Dodging        | 5 6 7 9 |  9.6
Throwing       | |  2.0

Action                   |  1- 3 |  4- 6 |  7- 9 | 10-12 || total
-------------------------+-------+-------+-------+-------++-------
Melee: Trident           |   133 |   191 |   455 |   150 ||   929
       Tailslap          |       |       |     6 |       ||     6
Throw: Dart              |       |     2 |    14 |     2 ||    18
Invok: Curse Item        |       |     1 |     2 |       ||     3
  Use: Potion            |     2 |     1 |       |     2 ||     5
       Scroll            |       |     2 |     9 |     1 ||    12
 Stab: Sleeping          |     2 |       |       |       ||     2
Armor: Leather armour    |    36 |    27 |       |       ||    63
       Ring mail         |       |     8 |       |       ||     8
       Scale mail        |       |    15 |   127 |    25 ||   167
Dodge: Dodged            |    81 |   115 |   218 |    75 ||   489

Table legend: (Time is in decaauts)
 A = Elapsed time spent in this place.
 B = Non-inter-level travel time spent in this place.
 C = Inter-level travel time spent in this place.
 D = Time resting spent in this place.
 E = Time spent auto-exploring this place.
 F = Levels seen in this place.
 G = Mean time per level.
                   A        B        C        D        E       F      G
               +--------+--------+--------+--------+--------+-----+--------+
         Total |  10002 |   9869 |    133 |   2744 |   5451 |  10 | 1000.2 |
       Dungeon |   9766 |   9640 |    126 |   2744 |   5256 |   9 | 1085.1 |
        Temple |    235 |    228 |      7 |      0 |    195 |   1 |  235.0 |
               +--------+--------+--------+--------+--------+-----+--------+

Top non-repeatable levels by time:
     D:7: 1497 daAuts
     D:3: 1445 daAuts
     D:2: 1238 daAuts
     D:6: 1190 daAuts
     D:4: 939 daAuts
     D:9: 938 daAuts
     D:5: 932 daAuts
     D:8: 890 daAuts
     D:1: 696 daAuts
  Temple: 235 daAuts
